[Event "Slovakia Open 2022"]
[Site "Bratislava"]
[Date "2022.10.02"]
[Round "8.7"]
[White "Kostolansky, Sebastian Lukas"]
[Black "Mikrut, Dariusz"]
[Result "0-1"]
[ECO "C88"]
[WhiteElo "2398"]
[BlackElo "2316"]
[Annotator "TA"]
[PlyCount "72"]
[EventDate "2022.09.30"]
[EventCountry "SVK"]
[SourceTitle "playchess.com"]
[Source "ChessBase"]
[SourceQuality "1"]
[TimeControl "2700+10"]

1. e4 e5 2. Nf3 Nc6 3. Bb5 a6 4. Ba4 Nf6 5. O-O Be7 6. Re1 b5 7. Bb3 O-O 8. a4 b4 9. d4 d6 10. dxe5 Nxe5 (10... dxe5 {is more complex.} 11. Qxd8 Rxd8 12. Bg5 a5) 11. Nxe5 {[%emt 0:01:36] C88: Closed Ruy Lopez: Anti-Marshall Systems.} dxe5 12. Qxd8 (12. Bg5 {looks sharper.} Bc5 13. Nd2 Bg4 14. Qc1) 12... Rxd8 13. Nd2 {[%emt 0:00:02] The position is equal.} Bc5 14. h3 Bb7 15. Nc4 {[%emt 0:01:28] [#]} Nxe4 $146 ({Predecessor:} 15... Bd4 16. Bg5 Rab8 17. Rad1 Kf8 18. Kf1 h6 19. Bxf6 gxf6 20. Rd3 Bc6 21. f3 Ke7 {½-½ (34) Walker,G (2438)-Brookes,J (2554) ICCF email 2009}) 16. Be3 Bd5 17. Nxe5 Bxb3 18. cxb3 Rd5 19. Bxc5 (19. Nc6 $5 Rd3 20. Rac1 Bxe3 21. Rxe3 Rxe3 22. fxe3 $11) 19... Nxc5 20. Nc6 {[%emt 0:00:01] Black must now prevent Ne7+.} Rd6 21. Nxb4 a5 22. Nc2 Rd2 23. b4 Ne6 24. Rac1 axb4 {[%emt 0:01:29] Black wants to play ...c5.} 25. Nxb4 Rxa4 26. Nc6 (26. Rc2 $11 {feels stronger.} Rxc2 27. Nxc2) 26... g6 27. Rcd1 (27. b3 $15 Raa2 28. Rf1) 27... Rxb2 $17 {[%emt 0:01:43] Black is more active.} 28. Rd7 Rf4 29. Rf1 Rc2 30. g3 {[%emt 0:00:11] [#]} (30. Ne5 $17) 30... Re4 $1 $19 ({Stronger than} 30... Rxc6 31. gxf4 Nxf4 32. h4 $11) 31. Ne7+ Kg7 {[%emt 0:00:08] Strongly threatening ...Nf8.} 32. Nd5 Rd4 33. Re1 $2 (33. Ne3 Rxf2 34. Rxd4 Rxf1+ 35. Kxf1 Nxd4 36. Kf2) 33... Ng5 {[%emt 0:00:04] Hoping for ...Nf3+.} 34. Ree7 $2 (34. Rxc7 Nf3+ 35. Kf1 Nxe1 36. Kxe1 Re4+ 37. Kf1 Rxc7 38. Nxc7) 34... Rc1+ 35. Kg2 {[%emt 0:00:09] [#]} Rdd1 $1 {[%emt 0:00:01] ( -> ...Rg1+)} 36. h4 Rg1+ {[%emt 0:00:02] Weighted Error Value: White=0.69/Black=0.22 (precise)} 0-1

[Event "Slovakia Open 2022"]
[Site "Bratislava"]
[Date "2022.10.02"]
[Round "8.8"]
[White "Babula, Vlastimil"]
[Black "Klabis, Rokas"]
[Result "0-1"]
[ECO "C54"]
[WhiteElo "2574"]
[BlackElo "2396"]
[Annotator "TA"]
[PlyCount "94"]
[EventDate "2022.09.30"]
[EventCountry "SVK"]
[SourceTitle "playchess.com"]
[Source "ChessBase"]
[SourceQuality "1"]
[TimeControl "2700+10"]

1. e4 e5 2. Nf3 Nc6 3. Bc4 Bc5 4. O-O Nf6 5. d3 d6 6. c3 a5 {[%emt 0:00:06] C54: Giuoco Piano: 4 c3 Nf6, main lines with 5 d4 and 5 d3.} 7. Re1 Ba7 8. Nbd2 O-O {[%emt 0:05:09] The position is equal.} 9. h3 h6 10. Nf1 Ne7 11. d4 Ng6 12. a4 {[%emt 0:06:02] [#]} exd4 $146 ({Predecessor:} 12... Re8 13. Ng3 c6 14. Bb3 Qc7 15. Be3 Be6 16. Bc2 b5 17. Qd2 Rab8 18. Nf5 Bxf5 19. exf5 {1-0 (38) Tekeyev,Z (2392)-Puranik,A (2536) Chess.com INT 2019}) 13. Nxd4 {[%emt 0:00:30] [#]} Nxe4 $1 14. Qh5 d5 15. Bxd5 Nf6 16. Qxg6 {[%emt 0:00:05][%cal Oc1h6] Strongly threatening Bxh6!} Nxd5 17. Qg3 (17. Qe4 $11 {should be considered.}) 17... Bxd4 $15 18. cxd4 Ra6 19. Bd2 Nb4 (19... Rg6 $15 20. Qf3 b6) 20. Bxb4 $11 axb4 21. Rac1 (21. Red1 $11 {keeps the balance.}) 21... Qxd4 $17 22. b3 Rg6 23. Qf3 Be6 {[%emt 0:00:50] And now ...Bd5 would win.} 24. Ne3 {[%emt 0:01:57] Inhibits Bd5.} (24. Rxc7 $2 Bd5 25. Qg3 Rxg3 $19) (24. Red1 $17 {might work better.} Qe5 25. Rd3) 24... c6 $1 $19 ({Resist} 24... Bxb3 25. Nf5 Bd5 26. Ne7+ Kh7 27. Nxd5 $18) 25. Red1 Qh4 {[%emt 0:02:16] Black is more active.} 26. Rd3 Rf6 ({Better is} 26... Re8 27. Kh2 Rd8) 27. Qg3 $17 Qe4 28. Ng4 Rg6 29. Re3 ({White should try} 29. Qe3 $15 Qxe3 30. Nxe3) 29... Qd4 30. Qe5 (30. Rd3 $17 {was worth a try.} Qb2 31. Rcd1) 30... Qd2 $19 31. Rce1 f5 $1 ({Not} 31... Bxg4 32. hxg4 Rxg4 33. Qe7 $17) 32. Nh2 {[%emt 0:03:08] [#]} f4 $1 33. Nf3 $2 (33. R3e2 Qd3 34. Ng4) 33... fxe3 34. Nxd2 exf2+ ({Worse is} 34... exd2 35. Rd1 Bxh3 36. Rxd2 Rxg2+ 37. Kh1 $19) 35. Kh2 fxe1=Q 36. Qxe1 Bd5 37. Nf3 {[%emt 0:00:57] [#]} Rxg2+ $3 38. Kxg2 Rxf3 {[%emt 0:00:01][%mdl 4096] Endgame KQ-KRB} 39. Kg1 Rxb3 {[%emt 0:00:03] ...Rb2 is the strong threat.} 40. Qe7 Rg3+ 41. Kf1 b3 42. Qxb7 Rg2 $2 (42... Kh7 {mates} 43. h4 Rh3 44. Ke1 Rh2 45. Qc8 b2 46. Qf5+ Kh8 47. h5 Rh1+ 48. Kd2 b1=Q 49. Qxb1 Rxb1 50. Kc2 Rb3 51. a5 Ra3 52. Kc1 Rxa5 53. Kb2 c5 54. Kc2 Ra3 55. Kb2 Rf3 56. Kc1 c4 57. Kb2 Rh3 58. Kb1 c3 59. Kc2 Re3 60. Kb1 Bb3 61. Kc1 Re1#) 43. a5 $2 {[%emt 0:00:11][%mdl 8192] This move loses the game for White.} (43. Qc8+ $17 Kf7 44. Qf5+ Ke7 45. Qe5+ Kf8 46. Qf5+ Ke7 47. a5) 43... Ra2 {[%emt 0:00:06] Black mates.} 44. a6 b2 45. a7 Ra1+ 46. Kf2 {[%emt 0:00:00] [#]} Rxa7 $3 47. Qc8+ (47. Qxa7 b1=Q) 47... Kh7 {[%emt 0:00:04] Weighted Error Value: White=0.65/Black=0.18 (very precise)} 0-1

[Event "Slovakia Open 2022"]
[Site "Bratislava"]
[Date "2022.10.02"]
[Round "8.9"]
[White "Stevik, Patrik"]
[Black "Lecky, Juraj"]
[Result "1-0"]
[ECO "D60"]
[WhiteElo "2148"]
[BlackElo "2070"]
[Annotator "TA"]
[PlyCount "53"]
[EventDate "2022.09.30"]
[EventCountry "SVK"]
[SourceTitle "playchess.com"]
[Source "ChessBase"]
[SourceQuality "1"]
[TimeControl "2700+10"]

1. c4 e6 2. Nc3 d5 3. d4 Be7 4. Nf3 Nf6 5. Bg5 O-O 6. e3 Nbd7 7. Bd3 dxc4 8. Bxc4 c5 9. O-O a6 10. a4 cxd4 11. Nxd4 Ne5 12. Be2 Bd7 {[%emt 0:00:18] D60: Queen's Gambit Declined: Classical: Unusual White 7th moves.} 13. Qb3 {[%emt 0:01:16] [#]} Nc6 $146 ({Predecessor:} 13... Qc8 14. Rac1 Ng6 15. Nd5 Nxd5 16. Rxc8 Rfxc8 17. Bxe7 Ngxe7 18. e4 Nf4 19. Qxb7 Rd8 20. Bf3 {½-½ (129) Tsvetkov,A (2404)-Manafov,V (2236) Tornelo INT 2021}) 14. Qxb7 Nxd4 {[%emt 0:03:12] White is slightly better.} 15. exd4 Rb8 (15... Qc8 $14 16. Qxc8 Bxc8) 16. Qxa6 $16 {[%emt 0:00:55] White is much more active.} Rxb2 17. Bf3 Bc8 {[%emt 0:00:49] [#]} 18. Qa7 Rb6 19. Nb5 {[%emt 0:03:11] Strongly threatening Rfc1.} Bd6 $2 {[%emt 0:02:13] A mistake that costs the game.} (19... Ra6 $16 {might work better.} 20. Qc7 Bd7) 20. Bxf6 gxf6 21. Nxd6 Qxd6 22. a5 Rb4 (22... Ra6 $142 23. Qc5 e5 24. Qxd6 Rxd6 25. dxe5 fxe5) 23. Rfd1 ({But not} 23. a6 Rb6 24. Be2 Rb2 $18) 23... Ba6 24. Qc5 Rd8 25. Qh5 Rxd4 (25... Qf4 {keeps fighting.}) 26. Rxd4 $18 Qxd4 27. Rd1 {[%emt 0:00:04] Weighted Error Value: White=0.20 (precise) /Black=0.53} 1-0

[Event "Slovakia Open 2022"]
[Site "Bratislava"]
[Date "2022.10.02"]
[Round "8.10"]
[White "Merva, Frantisek"]
[Black "Hnatyshyn, Anastasiia"]
[Result "0-1"]
[ECO "A83"]
[WhiteElo "1981"]
[BlackElo "2087"]
[Annotator "TA"]
[PlyCount "134"]
[EventDate "2022.09.30"]
[EventCountry "SVK"]
[SourceTitle "playchess.com"]
[Source "ChessBase"]
[SourceQuality "1"]
[TimeControl "2700+10"]

1. d4 f5 2. e4 fxe4 3. Nc3 Nf6 4. Bg5 e6 5. f3 e3 6. Bxe3 {[%emt 0:02:15] A83: Dutch Defence: Staunton Gambit with 3 Nc3 Nf6 4 Bg5.} Bb4 7. a3 Nd5 8. Bd2 {[%emt 0:03:48] [#] The position is equal.} Nxc3 $146 ({Predecessor:} 8... Be7 9. Ne4 Nc6 10. c3 Nf6 11. Bd3 d5 12. Nxf6+ Bxf6 13. Qc2 g6 14. f4 Ne7 {1-0 (44) Cruz Ramirez,N (1922)-Rodriguez Garcia,A (1938) Las Palmas 2016}) 9. bxc3 Bd6 10. g3 {[%emt 0:00:45] Inhibits Qh4.} b6 11. Bg2 Bb7 12. Ne2 Qf6 {[%emt 0:03:34] Black is more active.} 13. O-O h5 (13... Nc6 $15) 14. Bf4 (14. Bg5 $11 Qf5 15. f4 Bxg2 16. Kxg2) 14... g5 $2 {[%emt 0:04:14] [#]} (14... h4 $15) 15. Bxd6 (15. Bxg5 $1 $16 Qf5 (15... Qg6 16. c4) 16. c4 $1) 15... cxd6 $14 16. f4 g4 $2 17. Qd3 $2 (17. Bxb7 $18 Na6 18. Bxa8) 17... Bxg2 $1 $11 18. Kxg2 Nc6 19. d5 exd5 20. Qxd5 Qe6 21. Qd3 O-O-O 22. f5 Qf6 23. Nf4 {[%emt 0:00:07] Threatens to win with Nd5.} Ne7 (23... h4 $11) 24. Ng6 $16 {[%emt 0:06:58] Strongly threatening Qd4.} Rhe8 25. Nh4 (25. a4 $1 $16) 25... Nc6 26. a4 Re5 27. Rad1 $1 Kc7 28. Ng6 Rc5 29. Nf4 Ne7 {[%emt 0:01:10] Against Nd5+} 30. Nxh5 (30. Rde1 $5 ) 30... Qh6 31. f6 (31. Rf2 $11) 31... Nd5 (31... Rxh5 $17 32. fxe7 Rxh2+ 33. Kg1 Rh1+ 34. Kf2 Rxf1+ 35. Rxf1 Qf6+ 36. Kg2 Qxe7) 32. Qxd5 (32. Nf4 $11 {is superior.} Rh8 33. h4 gxh3+ 34. Kh1 (34. Kh2 Nxf6 35. Ne6+ dxe6 $15) 34... Nxf6 35. a5) 32... Rxd5 $15 33. Rxd5 Qg6 (33... Qe3 $1 $15 34. Rdf5 (34. Nf4 $2 Qxc3 35. Rd3 Qxc2+ 36. Rf2 Qxa4 $19) 34... Rf8) 34. Rdf5 $11 Qf7 35. Nf4 Rh8 (35... Re8 $11) 36. Nd5+ $16 Kb7 37. Kg1 (37. R1f2 $1 $16) 37... Rc8 $2 {[%emt 0:02:09] [#]} (37... Qe6 $1 $11) 38. Rg5 $2 (38. Re1 $1 $18 {[%cal Re1e7] Re7 is the strong threat.} Qh7 39. Ne7) 38... Rf8 (38... Qe6 $11 {remains equal.}) 39. c4 Qe6 40. Rgf5 (40. Rg7 $14 Rf7 41. Rxf7 Qxf7 42. Rf4) 40... Rf7 $2 {[%emt 0:00:21] [#]} (40... Qe4 $11 {and Black is okay.}) 41. c3 ({Better is} 41. R5f4 $1 $18) 41... a6 (41... Qe2 $16) 42. R5f4 (42. R5f2 $18) 42... Ka7 $2 (42... b5 $16 {was necessary.}) 43. Rb1 $2 (43. R1f2 $18) 43... Rh7 $2 (43... Qe2 $11 {and Black stays safe.}) 44. Rxb6 $2 ({White has to play} 44. Rb2 $18) 44... Qe2 45. Rf2 Qe1+ 46. Rf1 Qe2 {[%emt 0:00:01][%csl Gh7,LRc4,LRh2][%cal Re2h2] Dancing on a razor blade.} (46... Qd2 $5 47. Rf2 $8 Qe1+ 48. Rf1 Qd2 $11) 47. Rf2 Qxc4 48. Rb4 $2 {[%emt 0:03:59][%mdl 8192] Black continues to play with concentration.} Qxd5 $19 49. Rd4 Qe6 50. Rdf4 Rf7 ({Don't go for} 50... Qe1+ $2 51. Rf1 Qe3+ 52. Kg2 $19) 51. h4 (51. h3 $142 Qe1+ 52. Kg2 gxh3+ 53. Kh2) 51... Qe1+ 52. Kg2 Qxc3 {[%emt 0:00:03] White must now prevent ...d5.} 53. Rxg4 Rxf6 54. Rxf6 Qxf6 {[%emt 0:00:01] KQ-KR} 55. Rf4 Qg7 56. h5 d5 57. g4 d4 {[%emt 0:00:18] ( -> ...d3)} 58. Kf3 d3 {[%emt 0:00:10] Black mates.} 59. Re4 Qc3 60. Re3 Qc6+ 61. Kf2 d2 62. Rd3 Qc2 63. Rxd7+ Kb6 64. Kg3 d1=Q 65. Rxd1 Qxd1 66. Kf4 Qxa4+ 67. Kf5 Qd7+ {[%emt 0:00:04] Weighted Error Value: White=0.93/Black=0.39} 0-1

[Event "Slovakia Open 2022"]
[Site "Bratislava"]
[Date "2022.10.02"]
[Round "8.11"]
[White "Mandak, Miroslav"]
[Black "Nestorenko, Dmitry"]
[Result "1/2-1/2"]
[ECO "E12"]
[WhiteElo "1864"]
[BlackElo "2168"]
[Annotator "TA"]
[PlyCount "108"]
[EventDate "2022.09.30"]
[EventCountry "SVK"]
[SourceTitle "playchess.com"]
[Source "ChessBase"]
[SourceQuality "1"]
[TimeControl "2700+10"]

1. c4 e6 2. Nf3 d5 3. e3 Nf6 4. Nc3 Be7 5. d4 O-O 6. Be2 dxc4 7. Bxc4 b6 8. O-O Bb7 9. a3 Nbd7 10. b4 c6 {[%emt 0:01:47] E12: Queen's Indian: Unusual White 4th moves, 4 a3, 4 Nc3 Bb7 5 a3 and 4 Nc3 Bb7 .} 11. Bb2 a5 12. b5 c5 13. d5 exd5 14. Nxd5 Nxd5 15. Bxd5 {[%emt 0:00:02] [#]} Qc7 $146 ({Predecessor:} 15... Bxd5 16. Qxd5 Nf6 17. Qc4 Qc7 18. Rad1 Rad8 19. Be5 Qb7 20. a4 Rxd1 21. Rxd1 Rd8 22. Rxd8+ Bxd8 {½-½ (31) Walesch,R (1671)-Hartmann,R (1800) Bayern 2012}) 16. Bxb7 Qxb7 17. Ne5 (17. Qc2 $14) 17... Nxe5 $15 18. Bxe5 Qe4 {[%emt 0:02:10] Inhibits Qg4.} 19. Bb2 Rad8 20. Qe2 Rd3 21. Rfd1 Rfd8 22. Rxd3 Qxd3 23. Kf1 Kf8 (23... a4 $19 24. Qxd3 Rxd3) 24. Ke1 Qb3 $1 25. Rc1 Bf6 (25... Rd3 $17 {aiming for ...a4.} 26. Qc2 Qxb5) 26. Bxf6 gxf6 27. Rd1 Rxd1+ 28. Qxd1 Qxb5 $11 {[%emt 0:01:02][%mdl 4096] Endgame White must now prevent ...Qc6. KQ-KQ} 29. Qd6+ Ke8 30. Qb8+ Ke7 31. Qb7+ Kf8 32. Qb8+ Ke7 33. Qb7+ Ke6 34. Qe4+ Kd6 35. Qf4+ Ke7 36. Qc7+ Ke6 37. Qc8+ Qd7 38. Qh8 c4 (38... Qa4 $15) 39. Qxh7 {[%emt 0:00:22] Threatens to win with Qe4+.} Qc6 {[%emt 0:00:10] Inhibits Qe4+.} 40. f3 (40. e4 $11) 40... c3 ({Black should play} 40... b5 $1 $17 {[%cal Rb5b4] Hoping for ...b4.} 41. Ke2 f5) 41. Qc2 $2 ({Only move:} 41. Qe4+ $1 $11 Qxe4 42. fxe4) 41... Qc4 $2 (41... b5 $1 $17 {And now ...f5 would win.} 42. h4 f5) 42. a4 $2 (42. Qe4+ $11 {and White is okay.} Qxe4 43. fxe4) 42... Kd6 $1 $19 43. Kf2 $2 (43. Qe4 $17 Qxe4 44. fxe4) 43... Kc5 44. e4 Kb4 {[%emt 0:00:19] ...Qb3 is the strong threat.} 45. Ke3 Qc5+ (45... Qb3 $142 46. Kd3 Qc4+ 47. Ke3 b5 48. axb5 Qc5+ 49. Ke2 Qxb5+ 50. Ke3 a4 51. Qb1+ Kc5) 46. Ke2 Qc4+ (46... Qd4 $142 47. h4 Qc4+ 48. Ke1 f5) 47. Ke3 Kc5 $2 (47... b5 $19 48. axb5 Qc5+ 49. Ke2 Qxb5+ 50. Ke1 a4) 48. h4 $2 (48. Kf2 $11) 48... Qd4+ 49. Ke2 {[%emt 0:00:02] [#]} Kc4 $2 (49... b5 $1 $19 {[%cal Rb5b4] has better winning chances.} 50. axb5 a4) 50. Qa2+ $2 {[%emt 0:00:21][%mdl 8192] [#]} (50. g4 $17 {was forced.}) 50... Kb4 $1 51. Qc2 (51. h5 {is a better defense.} Qg1 52. Qc2 (52. Kd3 $2 Qd1+ 53. Ke3 c2 $19)) 51... Qg1 $2 (51... Qc4+ $19 52. Ke3 f5 53. exf5 Qxh4 54. Qb1+ Kxa4) 52. Kd3 $11 {[%emt 0:00:00] The position is equal.} Qf1+ 53. Ke3 $1 Qe1+ (53... Kc4 $5 54. Qa2+ $8 Kb4 $11) 54. Kd3 Qf1+ {[%emt 0:00:01] Weighted Error Value: White=0.59/Black=0.67} 1/2-1/2

[Event "Slovakia Open 2022"]
[Site "Bratislava"]
[Date "2022.10.02"]
[Round "8.12"]
[White "Mizicka, Matus"]
[Black "Pasti, Aron"]
[Result "0-1"]
[ECO "A01"]
[WhiteElo "1975"]
[BlackElo "2350"]
[Annotator "TA"]
[PlyCount "146"]
[EventDate "2022.09.30"]
[EventCountry "SVK"]
[SourceTitle "playchess.com"]
[Source "ChessBase"]
[SourceQuality "1"]
[TimeControl "2700+10"]

1. b3 c5 2. Bb2 Nc6 3. g3 d5 4. Bg2 Bf5 5. d3 Nf6 6. Nd2 {[%emt 0:00:03] A01: Nimzowitsch-Larsen Opening.} e5 7. e4 {[%emt 0:00:26] [#]} Bg6 $146 ({Predecessor:} 7... dxe4 8. dxe4 Be6 9. Ngf3 Qc7 10. O-O Be7 11. Nc4 Rd8 12. Qb1 Bxc4 13. bxc4 O-O {0-1 (44) Nepomniachtchi,I (2789)-Giri,A (2776) chess24.com INT 2021}) 8. Ne2 {[%emt 0:00:13] The position is equal.} h5 (8... d4 $11) 9. h4 (9. exd5 $16 Nxd5 10. O-O) 9... Be7 (9... d4 $11) 10. O-O (10. exd5 $16 Nxd5 11. O-O) 10... d4 $11 11. a4 a6 12. f4 (12. Bh3 $11) 12... Ng4 $17 13. Qc1 Ne3 14. Rf3 Nb4 $2 {[%emt 0:01:01] [#] Black is much more active. The white rooks are badly placed.} (14... Nxg2 $17 15. Kxg2 f5) 15. Rxe3 $1 $16 dxe3 16. Nc4 exf4 17. Nxf4 {[%emt 0:04:48] Pair of Knights!} O-O 18. Nxe3 Re8 19. Nfd5 $2 (19. e5 $1 $16) 19... Bd6 $11 20. Nxb4 (20. Qe1 $15) 20... cxb4 $17 21. Nf1 (21. Qe1 $17) 21... Rc8 $19 22. Qd2 Bc5+ 23. Kh2 Bd4 24. Bxd4 Qxd4 25. Re1 f6 (25... f5 $142 26. exf5 Rxe1 27. Qxe1 Re8) 26. Re2 $17 Rcd8 27. Qf4 Bf7 28. Ne3 Be6 (28... a5 $17) 29. Bh3 $11 Bxb3 30. cxb3 $14 Qxd3 31. Qf3 (31. Qf2 $14) 31... Qxe4 $11 32. Qxh5 g6 {[%emt 0:01:34] Inhibits Bf5.} (32... Rd5 $1 $11 {keeps the balance.} 33. Qxd5+ (33. Bf5 $2 Rxf5 34. Nxf5 Qxe2+ $19) 33... Qxd5 34. Nxd5 Rxe2+ 35. Bg2 Kf8) 33. Qc5 ({White has to play} 33. Qh6 $1 $16 Re7 34. Bg2) 33... Qd3 34. Bg4 Qd4 35. Qc7 f5 36. Bf3 {[%emt 0:00:16] Strongly threatening Ng2.} f4 {[%emt 0:00:01] [#]} (36... Rd7 $11 {remains equal.} 37. Qc2 Kf8) 37. gxf4 (37. Ng4 $1 $16 {[%cal Of3d5] And now Bd5+! would win.} Rxe2+ 38. Bxe2 fxg3+ 39. Kh3) 37... Rd7 $36 {[%emt 0:00:16][%mdl 2048] Inhibits Bd5+. Black fights for an advantage.} 38. Qc4+ (38. Qc2 $1 $11 {and White stays safe.} Qxf4+ 39. Kg2) 38... Qxc4 $19 39. bxc4 (39. Nxc4 {is the only way for White.} Rxe2+ 40. Bxe2) 39... Rde7 (39... Rd3 $142 40. Nd5 Rxe2+ 41. Bxe2 Rd2 42. Nxb4 Rxe2+ 43. Kh3 Re4) 40. Bd5+ Kg7 41. Rb2 Rxe3 42. Rxb4 {[%emt 0:00:02][%mdl 4096] Endgame KRR-KRB} R3e7 $2 ({Inferior is} 42... Re2+ 43. Kh3 $15) ({Better is} 42... Kh6 $19 {Hoping for ...Rc3.} 43. Kg2 (43. Rxb7 $2 Ra3 $19) 43... Rc3) 43. Rb6 Rf8 {[%emt 0:00:50] Black keeps a firm grip on the game.} 44. Kg3 {[%emt 0:00:04] [#]} Rf6 $1 45. Rb3 ({White should try} 45. Rxb7 Rxb7 46. Bxb7) 45... b6 $17 46. Kg4 (46. a5 $17 bxa5 47. Ra3) 46... Re1 $19 47. a5 bxa5 48. Ra3 (48. c5 {was called for.}) 48... Rg1+ 49. Kh3 Rxf4 50. Rxa5 Rc1 {[%emt 0:02:01] aiming for ...Rc3+.} 51. Rxa6 $2 (51. Kg3 {might work better.} Rd4 52. Ra3) 51... Rc3+ 52. Kg2 Rg4+ 53. Kf2 Rxh4 {[%emt 0:00:01] Threatens to win with ...Rh2+.} 54. Ra7+ Kh6 {[%emt 0:00:01] White must now prevent ...Rh2+.} 55. Rc7 $2 (55. Ra2) 55... Rh2+ 56. Kg1 Rb2 {[%emt 0:00:03][%cal Rc3c1] Black mates.} 57. Rf7 Rc1+ 58. Rf1 Rxf1+ 59. Kxf1 {[%emt 0:00:01] KR-KB} Rc2 60. Ke1 Kg5 61. Kd1 Ra2 62. Ke1 Kf5 63. Kf1 g5 64. Kg1 Rc2 65. Kf1 Kf4 66. Kg1 Kg3 67. Kf1 g4 68. Ke1 Kh2 69. Kd1 Ra2 70. Ke1 g3 71. c5 Ra5 72. Bf3 Rxc5 73. Kf1 Rf5 {[%emt 0:00:02] Weighted Error Value: White=0.59/Black=0.32} 0-1

[Event "Slovakia Open 2022"]
[Site "Bratislava"]
[Date "2022.10.02"]
[Round "8.13"]
[White "Nemsak, Denis"]
[Black "Vadila, Ondrej"]
[Result "1-0"]
[ECO "A69"]
[WhiteElo "2012"]
[BlackElo "2178"]
[Annotator "TA"]
[PlyCount "69"]
[EventDate "2022.09.30"]
[EventCountry "SVK"]
[SourceTitle "playchess.com"]
[Source "ChessBase"]
[SourceQuality "1"]
[TimeControl "2700+10"]

1. c4 Nf6 2. Nc3 g6 3. d4 c5 4. d5 e6 5. e4 d6 6. f4 exd5 7. cxd5 Bg7 8. Nf3 O-O 9. Be2 Re8 10. e5 dxe5 11. fxe5 Ng4 12. e6 fxe6 {[%emt 0:00:33] A69: Modern Benoni: Four Pawns Attack with 9...Re8.} 13. d6 (13. Bg5 $5 Qb6 14. Qd2 $15 (14. Qa4 Bd7 $17)) 13... a6 14. O-O Bd7 {[%emt 0:07:10] White is slightly better.} 15. Ng5 {[%emt 0:12:13] [#]} Bd4+ $146 ({Predecessor:} 15... Ne5 16. Be3 b6 17. Qe1 Nbc6 18. Qg3 Nd4 19. Bf4 Nf5 20. Qh3 h6 21. Nf3 Nf7 {½-½ (69) MacDonald,P (2033)-Jackson,L (1928) Auckland 2014}) 16. Kh1 {[%emt 0:00:28] Dancing on a razor blade.} Nf2+ {[%emt 0:00:31] [#]} 17. Rxf2 $1 Bxf2 18. Qb3 {[%emt 0:15:22] And now Nce4 would win.} (18. Nce4 $5 Bd4 19. Qb3 $15 (19. Qf1 Rf8 $17)) 18... Bd4 {[%emt 0:07:13] [#]} 19. Nce4 $36 {[%emt 0:08:48][%mdl 2048] Prevents Qf6. Qh3 is the strong threat. White has good play. Pair of Knights!} h6 {[%emt 0:00:22] [#]} (19... Rf8 $1 $14) 20. Qg3 {[%emt 0:05:50] White has more active pieces.} ({White should play} 20. Qh3 $1 $16 Bg7 21. Nf3) 20... Nc6 $2 {[%emt 0:02:35][%mdl 8192] [#] Black is now going downhill.} (20... hxg5 $2 21. Bxg5 Bc6 22. Bxd8 Bxe4 23. Bd3 Bxd3 24. Qxd3 $18) (20... Bc6 $11 21. Nxe6 Rxe6) 21. Nf7 $1 $18 {[%emt 0:00:17][%mdl 576] Discovered Attack} Kxf7 22. Bxh6 {[%emt 0:00:03] White wants to mate with Rf1+.} Rg8 23. Qf4+ (23. Rf1+ $142 Bf6 24. Nxf6 Rg7 25. Nxd7+ Kg8 26. Nf6+ Kf7 27. Nd7+ Kg8 28. Nf6+ Kf7 29. Nh5+ Ke8 30. Nxg7+ Kd7 31. Rf7+ Kc8 32. Nxe6) 23... Bf6 24. Rf1 e5 25. Bc4+ Be6 26. Qxf6+ Qxf6 27. Rxf6+ Ke8 28. Rxe6+ (28. Bxe6 $142 Nd8 29. Bxg8 Kd7 30. Bd5 Rc8 31. Bg5 c4 32. Rf8 Ne6 33. Rf7+ Ke8 34. Bxe6 Rc7 35. dxc7 b6 36. c8=Q#) 28... Kd8 29. Nxc5 {[%emt 0:00:10] White threatens Rf6 and mate.} g5 30. Nxb7+ (30. Rf6 $142 Kc8 31. Bxg8 Kb8 32. Bxg5 Ka7 33. Bd5 Nb4 34. Bxb7 Rd8 35. Re6) 30... Kc8 31. Nc5 {[%emt 0:00:05] Hoping for Bd5.} Ra7 32. d7+ {[%emt 0:00:20] White mates.} Kc7 {[%emt 0:00:06] [#]} 33. Rxc6+ $1 Kxc6 34. Bxg8 Ra8 35. Bf7 {[%emt 0:00:20] Weighted Error Value: White=0.24 (precise) /Black=1.79} (35. Bh7 $142 Kb5 36. Be4 Rb8 37. Ne6 Kc4 38. Bxg5 a5 39. d8=Q Rxd8 40. Bxd8) 1-0

[Event "Slovakia Open 2022"]
[Site "Bratislava"]
[Date "2022.10.02"]
[Round "8.14"]
[White "Chlpek, Daniel"]
[Black "Meszaros, Casey Ryan"]
[Result "1/2-1/2"]
[ECO "C42"]
[WhiteElo "2020"]
[BlackElo "1925"]
[Annotator "TA"]
[PlyCount "68"]
[EventDate "2022.09.30"]
[EventCountry "SVK"]
[SourceTitle "playchess.com"]
[Source "ChessBase"]
[SourceQuality "1"]
[TimeControl "2700+10"]

1. e4 e5 2. Nf3 Nc6 3. Nc3 Nf6 4. g3 Bb4 5. Bg2 O-O 6. O-O d6 7. d3 h6 8. a3 Bxc3 9. bxc3 d5 {[%emt 0:01:03] C42: Petroff Defence: 3 Nxe5 and unusual White 3rd moves.} 10. exd5 Nxd5 {[%emt 0:00:16][%cal Bf6d5,Bd5b6,Bb6c4][%mdl 32] [#]} 11. Bb2 $146 ({Predecessor:} 11. c4 Nb6 12. Re1 f6 13. Nh4 Be6 14. Be3 Qd7 15. Qe2 Rfe8 16. Rab1 Na4 17. Rxb7 {1-0 (62) Larson,M (2223)-Pace,C (2084) Chess.com INT 2015}) 11... Re8 {[%emt 0:04:29] White is slightly better.} 12. Re1 {[%emt 0:00:26] Black must now prevent c4.} Nb6 13. Rb1 Bf5 14. c4 e4 15. Nh4 Bh7 16. dxe4 Qxd1 17. Rbxd1 Nxc4 18. Bc1 Rad8 (18... Nd6 $1 $15 {is superior.}) 19. Rxd8 Rxd8 20. Nf5 Bxf5 21. exf5 Nd4 22. Bxb7 Nxc2 23. Rf1 N2xa3 (23... Nd6 $5 24. Bg2 Nxf5 $11) 24. Bf4 Nb5 25. Ba6 Ncd6 26. Rc1 Rd7 27. g4 {[%emt 0:02:55][%mdl 1024] White has compensation.} Nd4 28. Be3 {[%emt 0:01:03] A strong pair of Bishops.} N6b5 {[%emt 0:03:24] [#] Hoping for ...Ne2+.} 29. Kg2 Rd6 30. Bb7 a5 31. Rc4 Nb3 32. Bc6 N5d4 33. Ba4 {[%emt 0:00:16] [#] Rc3 is the strong threat.} c6 $2 (33... c5 $11) 34. Rc3 $18 Na1 {[%emt 0:00:28][%mdl 32768] Weighted Error Value: White=0.09 (flawless) /Black=0.29 (precise) . An unexpected result.} 1/2-1/2